 Dungeon Crawl Stone Soup version 0.30-a0-802-gb92711bcdf (webtiles) character file.

Game seed: 9731177173249044956

25217 Pimp the Cleaver (level 12, -2/98 (99) HPs)
             Began as a Minotaur Fighter on Feb 24, 2023.
             Was a High Priest of the Shining One.
             Slain by a soul eater (3 damage)
             ... summoned by an orc high priest
             ... on level 2 of the Orcish Mines.
             The game lasted 00:29:52 (13266 turns).

Pimp the Cleaver (Minotaur Fighter)                Turns: 13266, Time: 00:29:53

HP:   -2/98 (99)    AC:  7    Str: 30      XL:     12   Next: 87%
MP:   11/11         EV:  9    Int:  4 (5)  God:    the Shining One [*****.]
Gold: 436           SH:  6    Dex: 12      Spells: 11/11 levels left

rFire   . . .      SeeInvis +    q - +3 hand axe (heavy)
rCold   . . .      Faith    .    c - +0 buckler
rNeg    + + .      Spirit   .    J - +1 crystal plate armour
rPois   .          Reflect  .    B - +2 hat
rElec   .          Harm     .    C - +0 cloak
rCorr   .          Rampage  .    p - +0 pair of gloves
Will    .....                    (no boots) Stlth
                                 l - amulet of the acrobat
HPRegen 0.36/turn                i - ring of see invisible
MPRegen 0.12/turn                f - +6 ring of strength

@: corroded, hasted, glowing, lightly drained, very quick
A: horns 2, retaliatory headbutt, frail 1
a: Renounce Religion, Divine Shield, Cleansing Flame, Summon Divine Warrior


You were on level 2 of the Orcish Mines.
You worshipped the Shining One.
The Shining One was extremely pleased with you.
You visited 3 branches of the dungeon, and saw 14 of its levels.
You also visited: Sewer.

You collected 1796 gold pieces.
You spent 1360 gold pieces at shops.

Inventory:

Hand Weapons
 a - a +0 war axe
 k - a +2 scimitar of flaming
 q - a +3 heavy hand axe (weapon)
 s - a +1 short sword of holy wrath
Missiles
 j - 8 boomerangs
 o - 12 javelins (quivered)
 y - 2 boomerangs of dispersal
Armour
 c - a +0 buckler (worn)
 p - a +0 pair of gloves (worn)
 x - a +1 plate armour
 B - a +2 hat (worn)
 C - a +0 cloak (worn)
 J - a +1 crystal plate armour (worn)
Jewellery
 f - a +6 ring of strength (right hand)
 i - a ring of see invisible (left hand)
 l - an amulet of the acrobat (around neck)
 t - a ring of fire
Wands
 u - a wand of roots (9)
 F - a wand of light (6)
 G - a wand of digging (6)
 I - a wand of polymorph (7)
Scrolls
 h - 4 scrolls of teleportation
 n - 9 scrolls of identify
 v - a scroll of poison
 w - a scroll of torment {unknown}
 A - a scroll of fog
 E - a scroll of noise {unknown}
 K - a scroll of immolation
Potions
 b - a potion of mutation {unknown}
 d - 3 potions of might
 e - 2 potions of ambrosia
 g - 3 potions of magic
 m - 6 potions of curing
 z - 2 potions of brilliance
Miscellaneous
 H - a phantom mirror


   Skills:
 + Level 11.0 Fighting
 * Level 13.4 Axes
 + Level 5.7 Throwing
 + Level 11.0 Armour
 + Level 9.4 Dodging
 + Level 11.1 Shields
 + Level 4.7 Evocations


You had 11 spell levels left.
You didn't know any spells.
Your spell library contained the following spells:

 Spells                   Type           Power      Damage    Failure   Level
 Freeze                   Ice            0%         1d3       100%        1
 Ensorcelled Hibernation  Hex/Ice        0%         N/A       100%        2
 Lesser Beckoning         Tloc           0%         N/A       100%        2
 Frozen Ramparts          Ice            0%         1d1       100%        3
 Gell's Gravitas          Tloc           0%         N/A       100%        3
 Hailstorm                Conj/Ice       0%         3d3       100%        3
 Spider Form              Tmut/Pois      0%         N/A       100%        3
 Teleport Other           Tloc           0%         N/A       100%        3
 Anguish                  Hex/Necr       0%         N/A       100%        4
 Summon Forest            Summ/Tloc      0%         N/A       100%        5
 Summon Mana Viper        Hex/Summ       0%         N/A       100%        5
 Summon Cactus Giant      Summ           0%         N/A       100%        6


Dungeon Overview and Level Annotations

Branches:
Dungeon (12/15)            Temple (1/1) D:5            Lair (0/5) D:9
    Orc (2/2) D:10          Sewer (visited)
    Elf: Orc:2

Altars:
Ashenzari
Cheibriados
Dithmenos
Elyvilon
Fedhas
Gozag
Hepliaklqana
Kikubaaqudgha
Makhleb
Nemelex Xobeh
Okawaru
Qazlal
Ru
Sif Muna
Trog
Uskayaw
Vehumet
Wu Jian
Xom
Yredelemnul
Zin
The Shining One
Jiyva

Shops:
D:5 [   D:11 *

Annotations:
D:11 3 runed translucent doors, Ligoboic's ghost, journeyman DECj


Innate Abilities, Weirdness & Mutations

You have a pair of horns on your head.
You reflexively headbutt those who attack you in melee.
You are frail. (-10% HP)


Message History

You hit the soul eater but do no damage.
The soul eater hits you but does no damage.
The orc high priest invokes the aid of Beogh against you.
Beogh smites you!
* * * LOW HITPOINT WARNING * * *
The orc warrior closely misses you.
Okay, then.
You feel much better. The soul eater hits you!!
* * * LOW HITPOINT WARNING * * *
The neqoxec hits you.
* * * LOW HITPOINT WARNING * * *
The orc high priest calls down the wrath of Beogh upon you.
Beogh smites you!
* * * LOW HITPOINT WARNING * * *
The orc warrior hits you with a +0 hand axe!
The Shining One protects you from harm!
You feel much better.
The soul eater draws from the surrounding life force!
* * * LOW HITPOINT WARNING * * *
The neqoxec gestures at you.
Strange energies course through your body.
You feel frail.
The orc high priest hits you with a +2 scimitar of electrocution!
* * * LOW HITPOINT WARNING * * *
The orc warrior hits you with a +0 hand axe.
* * * LOW HITPOINT WARNING * * *
Okay, then.
You hit the orc high priest but do no damage.
You headbutt the orc high priest, but do no damage.
The orc high priest is severely wounded.
You hit the neqoxec but do no damage. You slash the orc warrior!
You hit the soul eater.
The soul eater hits you but does no damage.
The neqoxec hits you but does no damage.
The orc high priest mumbles some strange prayers to Beogh.
The orc warrior hits you with a +0 hand axe.
* * * LOW HITPOINT WARNING * * *
You feel yourself speed up.
The soul eater draws from the surrounding life force!
You die...

....................
......#.$...<.......
#....................
#.......))...........
#......)))).........
#......§§...........
##$...§§§...........
##...o3§..........#
#.#§§3@............
#....§o)§§...#....$
##.#.§§§§.........
#.............
#..............
#......#$......
#....... .......
##...... ....$..


You could see a soul eater (summoned), an orc high priest, a neqoxec (summoned)
and an orc warrior.

Vanquished Creatures
  Gastronok (D:10)
  3 boulder beetles
  4 two-headed ogres
  Urug (D:11)
  Lodul (D:11)
  3 skeletal warriors
  Pikel (D:6)
  An orc knight (D:9)
  3 cyclopes
  An unseen horror (D:12)
  3 gargoyles
  A komodo dragon (D:11)
  An efreet (D:8)
  3 kobold demonologists
  5 trolls
  3 centaur simulacra (D:11)
  4 shadows
  A wraith (D:9)
  A wyvern (D:9)
  5 yaks
  A steam dragon (D:9)
  2 vampire mosquitoes (D:12)
  Menkaure (D:6)
  9 wargs
  A hell hound (D:9)
  3 sky beasts
  13 orc warriors
  2 black bears (D:6)
  8 ogres
  A wolf (D:11)
  3 ice beasts
  8 centaurs
  14 kobold brigands
  3 wyvern zombies (D:6)
  5 gnoll sergeants
  3 necrophages (D:6)
  An earth elemental (D:11)
  5 scorpions
  10 wights
  9 killer bees
  10 howler monkeys
  A bullfrog zombie (D:6)
  A centaur zombie (D:6)
  9 orc priests
  5 hounds
  A human zombie (D:6)
  A jelly (D:7)
  6 gnoll boudas
  6 iguanas
  17 orc wizards
  A mummy (D:6)
  A howler monkey zombie (D:6)
  8 gnolls
  15 adders
  3 river rats (Sewer)
  A shadow imp (D:6)
  14 white imps
  3 ufetubi
  3 worms
  A dart slug (D:5)
  32 orcs
  3 bats
  16 endoplasms
  3 giant cockroaches
  3 goblins
  4 hobgoblins
  16 kobolds
  A quokka (D:2)
  17 ball pythons
  4 rats
354 creatures vanquished.

Vanquished Creatures (others)
  5 fungi (D:9)
  14 plants
19 creatures vanquished.

Grand Total: 373 creatures vanquished

Notes
Turn   | Place    | Note
-------+----------+-------------------------------------------
     0 | D:1      | Pimp the Minotaur Fighter began the quest for the Orb.
     0 | D:1      | Reached XP level 1. HP: 19/19 MP: 0/0
   124 | D:1      | Reached XP level 2. HP: 27/27 MP: 1/1
   234 | D:1      | Reached skill level 1 in Dodging
   600 | D:2      | Reached XP level 3. HP: 33/33 MP: 2/2
   683 | D:2      | Reached skill level 3 in Axes
   697 | D:2      | Found a faded altar of an unknown god.
   824 | D:2      | Reached XP level 4. HP: 40/40 MP: 3/3
   860 | D:2      | You fall into a shaft and drop 2 floors!
   983 | D:4      | Found a glowing drain.
  1083 | Sewer    | Entered a sewer
  1110 | Sewer    | Noticed a kobold brigand
  1130 | Sewer    | Killed a kobold brigand
  1131 | Sewer    | Reached XP level 5. HP: 26/47 MP: 4/4
  1533 | Sewer    | Reached skill level 5 in Fighting
  1533 | Sewer    | Reached skill level 4 in Axes
  1533 | Sewer    | Reached XP level 6. HP: 38/56 MP: 5/5
  1674 | Sewer    | Reached skill level 5 in Armour
  1674 | Sewer    | Reached skill level 5 in Shields
  2079 | Sewer    | Reached XP level 7. HP: 45/61 MP: 6/6
  2333 | D:4      | Found a glowing silver altar of Zin.
  2714 | D:4      | Reached skill level 5 in Axes
  3102 | D:5      | Entered Level 5 of the Dungeon
  3111 | D:5      | Found a staircase to the Ecumenical Temple.
  3127 | Temple   | Entered the Ecumenical Temple
  3191 | Temple   | Became a worshipper of the Shining One
  3282 | D:5      | Found Rutzeg's Armour Shop.
  3334 | D:5      | Found a shimmering altar of Xom.
  3371 | D:5      | Found a white marble altar of Elyvilon.
  3482 | D:5      | Reached XP level 8. HP: 70/70 MP: 7/7
  3824 | D:5      | Identified a scroll of acquirement
  3824 | D:5      | Acquired 845 gold pieces
  3956 | D:6      | Noticed Menkaure
  3963 | D:6      | Killed Menkaure
  4042 | D:6      | Reached skill level 6 in Axes
  4113 | D:6      | Reached skill level 5 in Dodging
  4225 | D:6      | Noticed Pikel
  4233 | D:6      | Killed Pikel
  4234 | D:6      | Reached XP level 9. HP: 49/79 MP: 8/8
  4483 | D:6      | Reached skill level 7 in Axes
  4638 | D:6      | Reached * piety under the Shining One
  4677 | D:6      | Found a basalt altar of Yredelemnul.
  4963 | D:7      | Reached skill level 8 in Axes
  5038 | D:7      | Found a broken altar of Ashenzari.
  5068 | D:7      | Reached ** piety under the Shining One
  5140 | D:7      | Found a blossoming altar of Fedhas.
  5785 | D:8      | Reached XP level 10. HP: 84/90 MP: 9/9
  5789 | D:8      | Reached skill level 9 in Axes
  6311 | D:9      | Noticed a two-headed ogre
  6323 | D:9      | Killed a two-headed ogre
  6324 | D:9      | Reached skill level 1 in Throwing
  6541 | D:9      | Found a staircase to the Lair.
  6699 | D:9      | Found a snail-covered altar of Cheibriados.
  6760 | D:9      | Noticed a two-headed ogre
  6763 | D:9      | Reached *** piety under the Shining One
  6763 | D:9      | Noticed an orc knight
  6767 | D:9      | Noticed a rust devil
  7014 | D:9      | Reached skill level 10 in Axes
  7290 | D:9      | Noticed a two-headed ogre
  7293 | D:9      | Noticed a cyclops
  7296 | D:9      | Killed a two-headed ogre
  7297 | D:9      | Reached skill level 1 in Evocations
  7721 | D:9      | Killed a cyclops
  7779 | D:9      | Reached XP level 11. HP: 94/97 MP: 10/10
  8504 | D:9      | Noticed a two-headed ogre
  8510 | D:9      | Killed a two-headed ogre
  8712 | D:9      | Reached **** piety under the Shining One
  8740 | D:9      | Reached skill level 11 in Axes
  8772 | D:9      | Killed an orc knight
  9406 | D:10     | Entered Level 10 of the Dungeon
  9616 | D:10     | Found a staircase to the Orcish Mines.
  9634 | D:10     | Reached skill level 10 in Shields
  9857 | D:10     | Found a shadowy altar of Dithmenos.
  9899 | D:10     | Noticed Gastronok
  9945 | D:10     | Killed Gastronok
  9946 | D:10     | Reached skill level 10 in Fighting
  9946 | D:10     | Reached skill level 10 in Armour
 10183 | D:10     | Found a radiant altar of Vehumet.
 10270 | D:11     | Noticed Lodul
 10282 | D:11     | Killed Lodul
 10351 | D:11     | Reached skill level 12 in Axes
 10386 | D:11     | Found a runed translucent gate.
 10386 | D:11     | Found a runed translucent gate.
 10390 | D:11     | Found a runed translucent gate.
 10391 | D:11     | Noticed Ligoboic's ghost (journeyman DECj)
 10525 | D:11     | Found Resur's Pet Rocks.
 10528 | D:11     | Reached XP level 12. HP: 52/106 MP: 11/11
 10675 | D:11     | Bought a +0 crystal plate armour for 1360 gold pieces
 10841 | D:11     | Reached ***** piety under the Shining One
 10890 | D:11     | Found a frozen archway.
 10895 | D:11     | Noticed Urug
 10915 | D:11     | Killed Urug
 11324 | D:11     | Found a viscous altar of Jiyva.
 11376 | D:12     | Noticed a boulder beetle
 11395 | D:11     | Killed a boulder beetle
 11577 | D:12     | Reached skill level 5 in Throwing
 11675 | D:12     | Noticed a boulder beetle
 11692 | D:12     | Killed a boulder beetle
 11882 | D:12     | Noticed a two-headed ogre
 11884 | D:12     | Noticed a boulder beetle
 11891 | D:12     | Killed a two-headed ogre
 12166 | D:11     | Killed a boulder beetle
 12492 | D:11     | Reached skill level 13 in Axes
 13154 | Orc:1    | Entered Level 1 of the Orcish Mines
 13227 | Orc:2    | Entered Level 2 of the Orcish Mines
 13242 | Orc:2    | Noticed an orc high priest
 13263 | Orc:2    | HP: 4/109 [orc high priest/divine providence (14)]
 13263 | Orc:2    | The Shining One protects you from harm!
 13264 | Orc:2    | Gained mutation: You are frail. (-10% HP) [a neqoxec]
 13265 | Orc:2    | HP: 1/98 [orc warrior/+0 hand axe[an orc high priest] (6)]
 13266 | Orc:2    | Slain by a soul eater

Illustrated notes

Levels and vault maps discovered:
D:1:      mrwooster_arrival_statue_2, layout_basic
D:2:      layout_rooms, nicolae_ecumenical_snake_handling,
          kennysheep_generic_room_3
D:4:      layout_cave_pods, mainiacjoe_overflow_24_doors, gup_sewer_entry_glass,
          kennysheep_another_room, roderic_lattice_a, grunt_ministairs_4
D:5:      layout_loops_ring, mainiacjoe_overflow_catch_the_wave,
          minmay_temple_entry_mini_moons, serial_shops, shop
D:6:      layout_rooms, lemuel_mausoleum_altar_yredelemnul,
          minmay_misc_feat_enclosed, minmay_misc_feat_doors, uniq_menkaure,
          uniq_pikel
D:7:      layout_rooms, minitemple, reono_crystal_passage
D:8:      layout_cave_pods
D:9:      lemuel_castle_with_subvaults [lemuel_castle_interior_original],
          layout_irregular_city, cheibrodos_worm_habitat, dpeg_oklobed_lair,
          corexii_hall_statues_t, st_stairs_10
D:10:     layout_cave_pools, lemuel_coloured_pillars_altar, david_orc_3,
          serial_park, serial_park_square3 [serial_park_minivault_5x5_5],
          serial_park_tiny_2, serial_park_square1 [serial_park_minivault_5x5_7],
          serial_park_gazebo [serial_park_minivault_5x5_4],
          serial_park_tiny_pond, serial_park_tiny_pond, uniq_gastronok
D:11:     layout_roguey, serial_ice, serial_ice_b, serial_ice_e, serial_ice_h,
          serial_ice_m, portal_ice_cave_entry_imps, gammafunk_ghost_ooze,
          guppyfry_shop_earth, uniq_urug, uniq_lodul
D:12:     layout_cave_pools
Temple:   eino_temple_water
Orc:1:    layout_diamond_mine
Orc:2:    grunt_orc_tribal_feast, layout_caves, special_room, basic_altar

Skill      XL: |  1  2  3  4  5  6  7  8  9 10 11 12 |
---------------+-------------------------------------+-----
Dodging        | 1 2 3 4 5 6 7 8 9 |  9.4
Shields        | 4 5 6 7 8 9 10 11 | 11.1
Fighting       | 4 5 6 7 8 9 10 11 | 11.0
Armour         | 4 5 6 7 8 9 10 11 | 11.0
Axes           | 3 4 5 6 8 10 12 13 | 13.4
Throwing       | 3 4 5 |  5.7
Evocations     | 1 3 4 |  4.7

Action                     |  1- 3 |  4- 6 |  7- 9 | 10-12 || total
---------------------------+-------+-------+-------+-------++-------
  Melee: War axe           |    73 |     4 |       |       ||    77
         Headbutt          |    10 |    11 |    47 |   134 ||   202
         Hand axe          |       |   114 |   205 |   433 ||   752
  Throw: Boomerang         |       |     1 |       |       ||     1
         Javelin           |       |       |       |    14 ||    14
  Evoke: Wand              |       |       |       |    22 ||    22
    Use: Scroll            |       |     5 |     5 |     9 ||    19
         Potion            |       |       |     4 |     7 ||    11
 Armour: Scale mail        |    55 |    52 |    67 |       ||   174
         Plate armour      |       |       |    34 |   106 ||   140
         Crystal plate arm |       |       |       |   166 ||   166
  Dodge: Dodged            |    55 |   113 |   150 |   287 ||   605
  Block: Buckler           |    30 |    25 |    58 |   176 ||   289

Table legend: (Time is in decaauts)
 A = Elapsed time spent in this place.
 B = Non-inter-level travel time spent in this place.
 C = Inter-level travel time spent in this place.
 D = Time resting spent in this place.
 E = Time spent auto-exploring this place.
 F = Levels seen in this place.
 G = Mean time per level.
                   A        B        C        D        E       F      G
               +--------+--------+--------+--------+--------+-----+--------+
         Total |  13681 |  13042 |    639 |   3633 |   6430 |  15 |  912.1 |
       Dungeon |  12194 |  11576 |    618 |   3245 |   5736 |  11 | 1108.5 |
        Temple |     83 |     66 |     17 |      0 |     41 |   1 |   83.0 |
  Orcish Mines |    110 |    106 |      4 |      0 |     50 |   2 |   55.0 |
         Sewer |   1293 |   1293 |      0 |    388 |    602 |   1 | 1293.0 |
               +--------+--------+--------+--------+--------+-----+--------+

Top non-repeatable levels by time:
     D:9: 2413 daAuts
    D:11: 2194 daAuts
     D:8: 1771 daAuts
   Sewer: 1293 daAuts
     D:4: 1211 daAuts
    D:10: 862 daAuts
     D:6: 812 daAuts
     D:5: 782 daAuts
    D:12: 712 daAuts
     D:1: 614 daAuts
     D:7: 544 daAuts
     D:2: 274 daAuts
  Temple: 83 daAuts
   Orc:1: 72 daAuts
   Orc:2: 37 daAuts
